[Event "GER-chW 2019"]
[Site "Magdeburg"]
[Date "2019.05.26"]
[Round "1.1"]
[White "Mehling, Katharina"]
[Black "Michna, Marta"]
[Result "0-1"]
[ECO "C05"]
[WhiteElo "1974"]
[BlackElo "2355"]
[Annotator "NA"]
[PlyCount "64"]
[EventDate "2019.05.26"]
[EventType "tourn"]
[EventCountry "GER"]
[SourceTitle "playchess.com"]
[Source "ChessBase"]
[SourceQuality "1"]
[TimeControl "40/5400+30:1800+30"]

1. e4 e6 2. d4 d5 3. Nd2 Nf6 4. e5 Nfd7 5. Bd3 c5 6. c3 Nc6 7. Ne2 a5 8. O-O cxd4 9. cxd4 Nb6 10. f4 g6 11. b3 h5 12. Nf3 Bd7 13. Nc3 Ne7 14. Ba3 Bc6 15. Qd2 Qd7 16. Rfc1 Bh6 17. Ne2 Nbc8 18. Rc5 Qd8 19. Rac1 O-O 20. Bb1 Re8 21. Ng3 Qd7 22. Ng5 Na7 23. Qc2 Nf5 24. Nxf5 exf5 25. Rxa5 Bxg5 26. fxg5 b6 27. Rxa7 Qxa7 28. Bd6 Bd7 29. Qe2 Rac8 30. Rf1 Qa5 31. b4 Qa3 32. b5 Qxd6 0-1

[Event "GER-chW 2019"]
[Site "Magdeburg"]
[Date "2019.05.26"]
[Round "1.2"]
[White "Schulze, Lara"]
[Black "Zimmer, Elke"]
[Result "1-0"]
[ECO "C05"]
[WhiteElo "2160"]
[BlackElo "1926"]
[Annotator "NA"]
[PlyCount "81"]
[EventDate "2019.05.26"]
[EventType "tourn"]
[EventCountry "GER"]
[SourceTitle "playchess.com"]
[Source "ChessBase"]
[SourceQuality "1"]
[TimeControl "40/5400+30:1800+30"]

1. e4 e6 2. d4 d5 3. Nd2 Nf6 4. e5 Nfd7 5. Bd3 c5 6. c3 Nc6 7. Ne2 Be7 8. O-O a6 9. f4 g6 10. Nf3 b5 11. Be3 cxd4 12. cxd4 Nb6 13. b3 Nb4 14. Bb1 Bd7 15. g4 h5 16. f5 gxf5 17. gxf5 exf5 18. a3 Nc6 19. Bd3 b4 20. a4 Na5 21. Qb1 Be6 22. Ng3 f4 23. Bxf4 Bh3 24. Rf2 Qc8 25. Bd2 Rg8 26. Kh1 h4 27. Nf5 Qd8 28. e6 fxe6 29. Nh6 Rf8 30. Bg6+ Kd7 31. Nf7 Qc8 32. N3e5+ Kc7 33. Qd3 Bf5 34. Bxf5 exf5 35. Rc1+ Nbc4 36. bxc4 dxc4 37. Nxc4 Qb7+ 38. d5 Nxc4 39. Rxc4+ Kb8 40. Bf4+ Ka7 41. Qd4+ 1-0

[Event "GER-chW 2019"]
[Site "Magdeburg"]
[Date "2019.05.26"]
[Round "1.3"]
[White "Braun, Kristin"]
[Black "Burchardt, Brigitte"]
[Result "0-1"]
[ECO "B90"]
[WhiteElo "1895"]
[BlackElo "2094"]
[Annotator "NA"]
[PlyCount "64"]
[EventDate "2019.05.26"]
[EventType "tourn"]
[EventCountry "GER"]
[SourceTitle "playchess.com"]
[Source "ChessBase"]
[SourceQuality "1"]
[TimeControl "40/5400+30:1800+30"]

1. e4 c5 2. Nf3 d6 3. d4 cxd4 4. Nxd4 Nf6 5. Nc3 a6 6. f3 e6 7. Be3 Qc7 8. Qd2 b5 9. a3 Nbd7 10. Be2 Be7 11. O-O-O O-O 12. g4 Nb6 13. g5 Nfd7 14. Bf4 Ne5 15. Ndxb5 axb5 16. Nxb5 Qc6 17. Nxd6 Ng6 18. Bb5 Qc7 19. Nxc8 Qxc8 20. Be3 Nc4 21. Bxc4 Qxc4 22. Qd3 Qa4 23. Qb3 Qa5 24. h4 Rfb8 25. Qa2 Rc8 26. Rd7 Qa4 27. Rd2 Ne5 28. Re2 Nxf3 29. Rf1 Qxe4 30. Qb3 Rab8 31. Qa2 Bc5 32. Bxc5 Qxe2 0-1

[Event "GER-chW 2019"]
[Site "Magdeburg"]
[Date "2019.05.26"]
[Round "1.4"]
[White "Kopylov, Luba"]
[Black "Lowke, Kathrin"]
[Result "1-0"]
[ECO "A45"]
[WhiteElo "2078"]
[BlackElo "1887"]
[Annotator "NA"]
[PlyCount "75"]
[EventDate "2019.05.26"]
[EventType "tourn"]
[EventCountry "GER"]
[SourceTitle "playchess.com"]
[Source "ChessBase"]
[SourceQuality "1"]
[TimeControl "40/5400+30:1800+30"]

1. d4 Nf6 2. g3 g6 3. Bg2 Bg7 4. c4 d6 5. Nc3 O-O 6. e4 Nc6 7. Nge2 e5 8. d5 Nb8 9. h3 a5 10. a3 Na6 11. b4 Bd7 12. Rb1 axb4 13. axb4 Ne8 14. O-O f5 15. f4 Qc8 16. fxe5 Bxe5 17. Bf4 Bg7 18. Kh2 fxe4 19. Nxe4 Bf5 20. Nd4 Bxe4 21. Bxe4 Rf7 22. Ne6 c5 23. dxc6 bxc6 24. Nxg7 Rxg7 25. Bd5+ cxd5 26. Qxd5+ Rf7 27. Be3 Qd7 28. Qxa8 Nac7 29. Qa2 Qe6 30. Bh6 Ng7 31. Bxg7 Kxg7 32. Rxf7+ Qxf7 33. b5 Ne6 34. b6 Nc5 35. b7 Nxb7 36. Qb2+ Kh6 37. Qxb7 Qxc4 38. Qb2 1-0

[Event "GER-chW 2019"]
[Site "Magdeburg"]
[Date "2019.05.26"]
[Round "1.5"]
[White "Freter, Anke"]
[Black "Kunze, Kerstin"]
[Result "1/2-1/2"]
[ECO "B90"]
[WhiteElo "1873"]
[BlackElo "2066"]
[Annotator "NA RC"]
[PlyCount "131"]
[EventDate "2019.05.26"]
[EventType "tourn"]
[EventCountry "GER"]
[SourceTitle "playchess.com"]
[Source "ChessBase"]
[SourceQuality "1"]
[TimeControl "40/5400+30:1800+30"]

1. e4 c5 2. Nf3 d6 3. d4 cxd4 4. Nxd4 Nf6 5. Nc3 a6 6. Bc4 e6 7. f3 Be7 8. Be3 Qc7 9. Bb3 Nc6 10. Qd2 Na5 11. g4 Nc4 12. Bxc4 Qxc4 13. Nb3 Nd7 14. O-O-O b5 15. Qf2 a5 16. a4 bxa4 17. Rd4 Qc7 18. Rxa4 O-O 19. h4 Bb7 20. Nd4 Nc5 21. Ndb5 Qc6 22. Ra1 Rfb8 23. h5 a4 24. h6 g6 25. Rd1 Ba6 26. Nd4 Qb7 27. Kd2 Rc8 28. Rdb1 Qb4 29. Kd1 Bc4 30. Ra3 Nd7 31. Bd2 Qb7 32. Bc1 d5 33. Rxa4 Rxa4 34. Nxa4 dxe4 35. Nc3 e5 36. Nde2 exf3 37. Ng3 Bc5 38. Be3 Be7 39. Nge4 Bd5 40. Nd2 Bc6 41. Kc1 Nf6 42. Qg3 Nd7 43. g5 Re8 44. Nb3 Bb4 45. Nd1 Ba4 46. Nd2 Bxd2+ 47. Bxd2 Bxc2 48. Kxc2 Qe4+ 49. Kc1 Nc5 50. Nc3 Nb3+ 51. Kd1 Qd3 52. Qf2 e4 53. Qe3 f2 54. Qxf2 e3 55. Qe2 Qd7 56. Qg2 Nxd2 57. Qd5 Qa7 58. Rc1 Nb3 59. Qxb3 Qd4+ 60. Kc2 Qd2+ 61. Kb1 e2 62. Nxe2 Qxe2 63. Qc3 Qe4+ 64. Rc2 Qh1+ 65. Rc1 Qe4+ 66. Rc2 1/2-1/2

[Event "GER-chW 2019"]
[Site "Magdeburg"]
[Date "2019.05.26"]
[Round "1.6"]
[White "Von Herman, Brigitte"]
[Black "Ley, Sabrina"]
[Result "1/2-1/2"]
[ECO "B22"]
[WhiteElo "2064"]
[BlackElo "1870"]
[Annotator "NA"]
[PlyCount "78"]
[EventDate "2019.05.26"]
[EventType "tourn"]
[EventCountry "GER"]
[SourceTitle "playchess.com"]
[Source "ChessBase"]
[SourceQuality "1"]
[TimeControl "40/5400+30:1800+30"]

1. e4 c5 2. c3 Nf6 3. e5 Nd5 4. d4 cxd4 5. Nf3 e6 6. cxd4 d6 7. Bd3 Nc6 8. O-O dxe5 9. dxe5 g6 10. a3 Bg7 11. Re1 Qc7 12. Qe2 O-O 13. Bg5 h6 14. Bd2 Rd8 15. Nc3 Nxc3 16. Bxc3 Bd7 17. h4 Ne7 18. h5 Bc6 19. Rac1 Rac8 20. Nd4 Qb6 21. hxg6 Rxd4 22. gxf7+ Kxf7 23. Qh5+ Kg8 24. Bxd4 Qxd4 25. Bc4 Qd7 26. Qg4 Nd5 27. Red1 Rf8 28. Rd4 Qf7 29. f3 Qf5 30. Qxf5 Rxf5 31. Bxd5 Bxd5 32. f4 Rf7 33. Kh2 Bf8 34. g4 Bc6 35. b4 a5 36. Kg3 axb4 37. axb4 Rd7 38. Rxd7 Bxd7 39. Rc7 Bc6 1/2-1/2

[Event "GER-chW 2019"]
[Site "Magdeburg"]
[Date "2019.05.26"]
[Round "1.7"]
[White "Just, Anita"]
[Black "Schmidt, Jade"]
[Result "0-1"]
[ECO "B59"]
[WhiteElo "1866"]
[BlackElo "2062"]
[Annotator "NA RC"]
[PlyCount "106"]
[EventDate "2019.05.26"]
[EventType "tourn"]
[EventCountry "GER"]
[SourceTitle "playchess.com"]
[Source "ChessBase"]
[SourceQuality "1"]
[TimeControl "40/5400+30:1800+30"]

1. e4 c5 2. Nf3 d6 3. d4 cxd4 4. Nxd4 Nf6 5. Nc3 Nc6 6. Be2 e5 7. Nb3 Be7 8. O-O O-O 9. f4 a5 10. Be3 a4 11. Nd2 exf4 12. Rxf4 Ne5 13. Bd4 Be6 14. b3 axb3 15. cxb3 Qa5 16. Nb5 Rfc8 17. a4 Nfd7 18. Rf2 Rc6 19. Rb1 Bg5 20. Nf3 Nxf3+ 21. Rxf3 Ne5 22. Rf1 Qb4 23. Na7 Rc7 24. Nb5 Rcc8 25. Bf2 Be7 26. Nd4 Bd7 27. Be1 Qb6 28. a5 Qd8 29. Nf5 Be6 30. Bb4 Bxf5 31. Rxf5 Qc7 32. Bd2 Qc5+ 33. Kh1 Qd4 34. Rf1 Qxe4 35. Bf3 Nxf3 36. Qxf3 Qxf3 37. Rxf3 Bf6 38. Bb4 d5 39. Rd3 d4 40. Rbd1 Be5 41. g3 f6 42. Kg2 Kf7 43. Be1 Rc2+ 44. Kf3 Rxh2 45. Bf2 Rxa5 46. Bxd4 Bxd4 47. Rxd4 g5 48. Rd7+ Kg6 49. Rxb7 h5 50. Rdd7 Re5 51. Rg7+ Kf5 52. g4+ hxg4+ 53. Kg3 Rhe2 0-1

[Event "GER-chW 2019"]
[Site "Magdeburg"]
[Date "2019.05.26"]
[Round "1.8"]
[White "Ries, Jutta"]
[Black "Perez Celis, Alba"]
[Result "0-1"]
[ECO "A03"]
[WhiteElo "2017"]
[BlackElo "1822"]
[Annotator "NA"]
[PlyCount "98"]
[EventDate "2019.05.26"]
[EventType "tourn"]
[EventCountry "GER"]
[SourceTitle "playchess.com"]
[Source "ChessBase"]
[SourceQuality "1"]
[TimeControl "40/5400+30:1800+30"]

1. f4 d5 2. Nf3 g6 3. e3 Bg7 4. Nc3 Nf6 5. b3 O-O 6. Bb2 c5 7. Ne2 Nc6 8. Ng3 d4 9. Bb5 dxe3 10. dxe3 Qa5+ 11. Qd2 Qxb5 12. c4 Qa5 13. Qxa5 Nxa5 14. O-O Ng4 15. Bxg7 Kxg7 16. Rfe1 Bd7 17. h3 Nf6 18. e4 Rad8 19. e5 Nh5 20. Ne2 Kg8 21. Rad1 Bc6 22. Kf2 Bxf3 23. Kxf3 Nc6 24. g4 Ng7 25. Rd5 b6 26. Red1 Ne6 27. Nc3 Ned4+ 28. Kg3 Nb4 29. Rxd8 Rxd8 30. Kf2 Ne6 31. Rxd8+ Nxd8 32. Ke3 Ne6 33. Nb5 Nc6 34. Ke4 g5 35. f5 Nf4 36. h4 h6 37. hxg5 hxg5 38. Nc3 e6 39. Nb5 Kf8 40. Nd6 Ne2 41. Nb5 Ke7 42. f6+ Kf8 43. a3 Nf4 44. b4 cxb4 45. axb4 Ng6 46. c5 bxc5 47. bxc5 Ngxe5 48. Nxa7 Nxa7 49. Kxe5 Nb5 {[%emt 0:00:00] Kd4} 0-1

[Event "GER-chW 2019"]
[Site "Magdeburg"]
[Date "2019.05.26"]
[Round "1.9"]
[White "Bashylina, Luisa"]
[Black "Erofeev, Anastasia"]
[Result "0-1"]
[ECO "B42"]
[WhiteElo "1812"]
[BlackElo "2003"]
[Annotator "NA RC"]
[PlyCount "98"]
[EventDate "2019.05.26"]
[EventType "tourn"]
[EventCountry "GER"]
[SourceTitle "playchess.com"]
[Source "ChessBase"]
[SourceQuality "1"]
[TimeControl "40/5400+30:1800+30"]

1. e4 c5 2. Nf3 e6 3. d4 cxd4 4. Nxd4 a6 5. Bd3 Qc7 6. O-O Nf6 7. Nc3 b5 8. a3 Bc5 9. Nb3 Be7 10. Qe2 d6 11. f4 Nbd7 12. Bd2 Bb7 13. Rae1 O-O 14. Kh1 Rfe8 15. e5 Nd5 16. Nd4 Nc5 17. Qg4 Nxd3 18. cxd3 Nxc3 19. Bxc3 Bf8 20. Ne2 dxe5 21. fxe5 g6 22. Ng3 Bg7 23. Ne4 Bxe4 24. Qxe4 Rac8 25. Rc1 Qd7 26. h3 Rc6 27. Bd2 Rec8 28. d4 h5 29. Bc3 Bh6 30. Rcd1 Rc4 31. Qf3 Bf8 32. d5 Bxa3 33. dxe6 Qxe6 34. Rd3 Bf8 35. b3 R4c6 36. Qe3 Qxb3 37. Bd4 Qc4 38. Ra1 b4 39. Rb3 Qb5 40. Qf2 Rc1+ 41. Rxc1 Rxc1+ 42. Kh2 Qc4 43. Rf3 a5 44. Rf6 Bc5 45. e6 Bxd4 46. Rxg6+ fxg6 47. Qf7+ Kh8 48. Qf8+ Kh7 49. Qf7+ Bg7 0-1

[Event "GER-chW 2019"]
[Site "Magdeburg"]
[Date "2019.05.26"]
[Round "1.10"]
[White "Koehler, Inken"]
[Black "Liu, Sijia Anna"]
[Result "1-0"]
[ECO "A38"]
[WhiteElo "1979"]
[BlackElo "1689"]
[Annotator "NA"]
[PlyCount "87"]
[EventDate "2019.05.26"]
[EventType "tourn"]
[EventCountry "GER"]
[SourceTitle "playchess.com"]
[Source "ChessBase"]
[SourceQuality "1"]
[TimeControl "40/5400+30:1800+30"]

1. c4 Nf6 2. g3 g6 3. Bg2 Bg7 4. Nc3 c5 5. Nf3 Nc6 6. O-O O-O 7. d3 a6 8. Rb1 Rb8 9. a3 b5 10. cxb5 axb5 11. b4 cxb4 12. axb4 Ne8 13. Qb3 Nc7 14. Bb2 d6 15. Ne1 Be6 16. Nd5 Bxb2 17. Rxb2 Nd4 18. Qc3 Nxe2+ 19. Rxe2 Nxd5 20. Qd4 Nf6 21. Nc2 Qd7 22. Rfe1 Rfc8 23. Qb2 Ng4 24. Nd4 Ne5 25. Nxe6 fxe6 26. Qb3 Rf8 27. d4 Nc4 28. Bh3 Qb7 29. Bxe6+ Kh8 30. d5 Qa7 31. Qc3+ Ne5 32. Re3 Rf6 33. Kg2 Rbf8 34. f4 Nc4 35. R3e2 h6 36. Bg4 Qb7 37. Bf3 Kg8 38. Rxe7 Qa6 39. Ra1 Qb6 40. Raa7 R8f7 41. Ra8+ Kg7 42. Ree8 g5 43. Rg8+ Kh7 44. Be4+ {[%emt 0:00:00] Qd8} 1-0

[Event "GER-chW 2019"]
[Site "Magdeburg"]
[Date "2019.05.27"]
[Round "2.1"]
[White "Michna, Marta"]
[Black "Schmidt, Jade"]
[Result "1-0"]
[ECO "A00"]
[WhiteElo "2355"]
[BlackElo "2062"]
[Annotator "NA"]
[PlyCount "75"]
[EventDate "2019.05.26"]
[EventType "tourn"]
[EventCountry "GER"]
[SourceTitle "playchess.com"]
[Source "ChessBase"]
[SourceQuality "1"]
[TimeControl "40/5400+30:1800+30"]

1. b4 a5 2. b5 c5 3. a4 d5 4. Bb2 Nd7 5. f4 Qc7 6. e3 b6 7. Nf3 Bb7 8. g3 e6 9. Bg2 Ngf6 10. O-O Be7 11. Qe2 h6 12. d3 O-O-O 13. Ne5 Rdf8 14. Nc6 Bxc6 15. bxc6 Qxc6 16. c4 Ne8 17. Nc3 Ndf6 18. e4 dxe4 19. dxe4 Nd7 20. e5 Qc7 21. Nb5 Qb8 22. Qe4 Nc7 23. Qc6 Rd8 24. Rad1 Rhe8 25. Nd6+ Bxd6 26. exd6 f6 27. Bf3 Nf8 28. Bh5 g6 29. Bf3 Nd7 30. dxc7 Qxc7 31. Qa8+ Qb8 32. Qa6+ Kc7 33. Qb5 Qa7 34. Rd2 e5 35. Rfd1 Re7 36. fxe5 fxe5 37. Qc6+ Kb8 38. Qd6+ 1-0

[Event "GER-chW 2019"]
[Site "Magdeburg"]
[Date "2019.05.27"]
[Round "2.3"]
[White "Burchardt, Brigitte"]
[Black "Koehler, Inken"]
[Result "1/2-1/2"]
[ECO "B26"]
[WhiteElo "2094"]
[BlackElo "1979"]
[Annotator "NA RC"]
[PlyCount "90"]
[EventDate "2019.05.26"]
[EventType "tourn"]
[EventCountry "GER"]
[SourceTitle "playchess.com"]
[Source "ChessBase"]
[SourceQuality "1"]
[TimeControl "40/5400+30:1800+30"]

1. e4 c5 2. Nc3 Nc6 3. g3 g6 4. Bg2 Bg7 5. d3 d6 6. Be3 e6 7. Qd2 Rb8 8. Nge2 Nd4 9. O-O b5 10. f4 Ne7 11. Nd1 b4 12. Nc1 O-O 13. c3 bxc3 14. bxc3 Ndc6 15. Ne2 Ba6 16. Rc1 Qd7 17. Nf2 Rb6 18. Bf3 Rfb8 19. Rc2 Rb1 20. Rxb1 Rxb1+ 21. Kg2 Qc7 22. Rb2 Rxb2 23. Qxb2 Qa5 24. Qb3 Bb5 25. Bd2 Qb6 26. Be3 Qa6 27. c4 Ba4 28. Qa3 Nb4 29. Bd2 Nc2 30. Qc1 Nd4 31. Nxd4 Bxd4 32. Qa3 Qc6 33. e5 d5 34. Ng4 Kg7 35. Nf6 a6 36. Ba5 Bc2 37. Bd8 Nf5 38. cxd5 Ne3+ 39. Kh3 Qc8 40. g4 Qxd8 41. dxe6 fxe6 42. Qxa6 Qe7 43. Qc8 Qf7 44. Ne8+ Kh8 45. Nf6+ Kg7 1/2-1/2

[Event "GER-chW 2019"]
[Site "Magdeburg"]
[Date "2019.05.27"]
[Round "2.4"]
[White "Perez Celis, Alba"]
[Black "Kopylov, Luba"]
[Result "0-1"]
[ECO "B00"]
[WhiteElo "1822"]
[BlackElo "2078"]
[Annotator "NA RC"]
[PlyCount "140"]
[EventDate "2019.05.26"]
[EventType "tourn"]
[EventCountry "GER"]
[SourceTitle "playchess.com"]
[Source "ChessBase"]
[SourceQuality "1"]
[TimeControl "40/5400+30:1800+30"]

1. e4 b6 2. Nf3 Bb7 3. d3 g6 4. g3 Bg7 5. Bg2 c5 6. O-O d6 7. c3 {[%emt 0:00:43] A04: Unusual lines after 1 Nf3 and King's Indian Attack} e6 (7... Nf6 8. Nbd2 O-O 9. Re1 Nc6 10. a3 Nd7 11. Nb3 b5 12. d4 a5 13. Be3 a4 14. Nbd2 Qb6 15. d5 Nce5 16. Nxe5 Nxe5 17. Qe2 {0-1 (42) Anton Guijarro,D (2666)-Carlsen,M (2837) Riadh 2017}) 8. Re1 Ne7 9. d4 O-O 10. Nbd2 Qc7 $146 ({Predecessor:} 10... cxd4 11. cxd4 Nbc6 12. Nf1 {1-0 (45) Sundararajan,K (2415)-Dubov,D (2629) Doha 2014}) 11. Nf1 Na6 12. a3 Rac8 13. Bg5 h6 14. Bd2 Qb8 15. Qb3 Qa8 16. Bf4 Bxe4 17. Rxe4 Qxe4 18. Ng5 Qe2 19. Bf3 c4 20. Qa2 Qc2 21. Bd1 Qf5 22. Ne3 Qb5 23. Ne4 d5 24. Nd6 Qd7 25. Nxc8 Nxc8 26. Ng4 g5 27. Be5 f6 28. Bxf6 Bxf6 29. Nxh6+ Kg7 30. Ng4 Nd6 31. Bc2 Nb8 32. Re1 Nc6 33. Qb1 Qf7 34. Qd1 Nf5 35. Bb1 Nh6 36. Qc2 Rh8 37. Ne3 Ne7 38. Re2 Qh5 39. Nf1 Qh3 40. f4 gxf4 41. gxf4 Kf7 42. Rg2 Nhf5 43. Qe2 Rg8 44. Rxg8 Nxg8 45. Bxf5 Qxf5 46. Ng3 Qb1+ 47. Kg2 Ne7 48. Qh5+ Qg6 49. Qe2 Bh4 50. Kh3 Bxg3 51. hxg3 Qh7+ 52. Kg4 Qf5+ 53. Kf3 Qh5+ 54. g4 Qh3+ 55. Kf2 Qh2+ 56. Kf3 Qxe2+ 57. Kxe2 b5 58. Kd2 a5 59. Kc2 a4 60. Kd2 Kf6 61. Ke3 Nc6 62. Kf3 Na5 63. Kg3 Nb3 64. Kh4 Kg6 65. Kg3 Nc1 66. Kf3 Nd3 67. Ke3 Nxb2 68. Kd2 Nd3 69. Ke3 Kf6 70. Kf3 b4 0-1

[Event "GER-chW 2019"]
[Site "Magdeburg"]
[Date "2019.05.27"]
[Round "2.5"]
[White "Kunze, Kerstin"]
[Black "Von Herman, Brigitte"]
[Result "1/2-1/2"]
[ECO "C77"]
[WhiteElo "2066"]
[BlackElo "2064"]
[Annotator "NA RC"]
[PlyCount "69"]
[EventDate "2019.05.26"]
[EventType "tourn"]
[EventCountry "GER"]
[SourceTitle "playchess.com"]
[Source "ChessBase"]
[SourceQuality "1"]
[TimeControl "40/5400+30:1800+30"]

1. e4 e5 2. Nf3 Nc6 3. Bb5 a6 4. Ba4 Nf6 5. d3 d6 6. c3 Be7 7. h3 b5 8. Bb3 O-O 9. O-O Na5 10. Bc2 c5 11. Re1 Qc7 12. Nbd2 Nc6 13. Nf1 d5 14. Ne3 Be6 15. exd5 Nxd5 16. Nxd5 Bxd5 17. Qe2 Bf6 18. Ng5 Bxg5 19. Bxg5 f6 20. Be3 Qe7 21. f3 c4 22. Qf2 Qf7 23. dxc4 Bxc4 24. Be4 Rac8 25. Bf5 Be6 26. Bxe6 Qxe6 27. Bc5 Rfd8 28. a4 Rd3 29. axb5 axb5 30. Bb6 b4 31. cxb4 Nxb4 32. Rac1 Rc2 33. Rxc2 Nxc2 34. Qxc2 Qxb6+ 35. Kh2 1/2-1/2

[Event "GER-chW 2019"]
[Site "Magdeburg"]
[Date "2019.05.27"]
[Round "2.6"]
[White "Ley, Sabrina"]
[Black "Freter, Anke"]
[Result "0-1"]
[ECO "A50"]
[WhiteElo "1870"]
[BlackElo "1873"]
[Annotator "NA RC"]
[PlyCount "88"]
[EventDate "2019.05.26"]
[EventType "tourn"]
[EventCountry "GER"]
[SourceTitle "playchess.com"]
[Source "ChessBase"]
[SourceQuality "1"]
[TimeControl "40/5400+30:1800+30"]

1. d4 Nf6 2. c4 g6 3. f3 e6 4. e4 Nxe4 5. fxe4 Qh4+ 6. Ke2 Qxe4+ 7. Be3 Bg7 8. Nc3 Qf5 9. Nf3 O-O 10. Kf2 Nc6 11. Bd3 Qa5 12. a3 Ne7 13. Qd2 c6 14. Bh6 Nf5 15. Bxg7 Kxg7 16. Rhf1 Nh6 17. Kg1 f5 18. Qg5 Qc7 19. Rae1 d6 20. Qe3 Ng4 21. Qe2 Bd7 22. h3 Nf6 23. Qd2 Rae8 24. b4 Re7 25. Qf4 Nh5 26. Qg5 Bc8 27. Nh4 Rf6 28. Ne2 h6 29. Qd2 Rff7 30. Nf3 e5 31. dxe5 dxe5 32. Qc3 Kh7 33. Bc2 c5 34. Nd2 b6 35. b5 Bb7 36. Rd1 Ba8 37. Rfe1 e4 38. Nf1 f4 39. Nh2 f3 40. gxf3 exf3 41. Nxf3 Rxf3 42. Rd3 Rxe2 43. Rxe2 Qg3+ 44. Rg2 Qxg2+ 0-1

[Event "GER-chW 2019"]
[Site "Magdeburg"]
[Date "2019.05.27"]
[Round "2.7"]
[White "Lowke, Kathrin"]
[Black "Ries, Jutta"]
[Result "1-0"]
[ECO "B03"]
[WhiteElo "1887"]
[BlackElo "2017"]
[Annotator "NA RC"]
[PlyCount "91"]
[EventDate "2019.05.26"]
[EventType "tourn"]
[EventCountry "GER"]
[SourceTitle "playchess.com"]
[Source "ChessBase"]
[SourceQuality "1"]
[TimeControl "40/5400+30:1800+30"]

1. e4 Nf6 2. e5 Nd5 3. d4 d6 4. c4 Nb6 5. exd6 exd6 6. Nc3 Bf5 7. Bd3 Bxd3 8. Qxd3 Be7 9. Nge2 O-O 10. O-O Re8 11. b3 Nc6 12. Bf4 Bg5 13. Qd2 Bxf4 14. Qxf4 Ne7 15. Rfe1 Ng6 16. Qf3 c6 17. Rad1 Re6 18. d5 Ne5 19. Qe4 cxd5 20. cxd5 Rh6 21. Ng3 Rh4 22. Qe2 Ng6 23. Nf5 Rf4 24. Ne7+ Nxe7 25. Qxe7 Rf6 26. Qxd8+ Rxd8 27. Re7 Rc8 28. Ne4 Rg6 29. Rxb7 h6 30. Rxa7 Nxd5 31. Rd7 Nf4 32. g3 d5 33. Nd6 Rc2 34. Rd8+ Kh7 35. Nxf7 Nh3+ 36. Kg2 Rxf2+ 37. Kxh3 Rxf7 38. R1xd5 Rf2 39. Rd2 Rgf6 40. a4 h5 41. Rxf2 Rxf2 42. Rd3 Ra2 43. g4 hxg4+ 44. Kxg4 Kg6 45. h3 Kf6 46. Kf4 1-0

[Event "GER-chW 2019"]
[Site "Magdeburg"]
[Date "2019.05.27"]
[Round "2.8"]
[White "Just, Anita"]
[Black "Mehling, Katharina"]
[Result "1/2-1/2"]
[ECO "C14"]
[WhiteElo "1866"]
[BlackElo "1974"]
[Annotator "NA RC"]
[PlyCount "123"]
[EventDate "2019.05.26"]
[EventType "tourn"]
[EventCountry "GER"]
[SourceTitle "playchess.com"]
[Source "ChessBase"]
[SourceQuality "1"]
[TimeControl "40/5400+30:1800+30"]

1. e4 e6 2. d4 d5 3. Nc3 Nf6 4. Bg5 Be7 5. e5 Nfd7 6. Bxe7 Qxe7 7. f4 a6 8. Nf3 Nb6 {[%emt 0:00:25] C14: French: Classical System: 4 Bg5 Be7 main line} (8... c5 9. dxc5 Nxc5 10. Bd3 b5 11. a3 Bb7 12. O-O Nbd7 13. Qe1 Nxd3 14. cxd3 O-O 15. Ne2 d4 16. Nexd4 Nc5 17. Qe3 Qd7 18. Rac1 {0-1 (39) Djukic,N (2572)-Nisipeanu,L (2670) Skopje 2019}) 9. Qd2 Bd7 10. O-O-O Bb5 11. Kb1 Bxf1 12. Rhxf1 Nc4 13. Qc1 Nc6 14. f5 O-O-O $146 ({Predecessor:} 14... h6 15. g4 O-O-O 16. b3 {1-0 (37) Gerzhoy,L (2469)-Haskel,J (2241) Wheeling 2010}) 15. fxe6 fxe6 16. Ng5 Rdf8 17. Nf3 h6 18. Ne2 Rf7 19. c3 Rhf8 20. b3 Nb6 21. Ng3 Qe8 22. Rfe1 Ne7 23. Nf1 Ng6 24. Ne3 Nf4 25. Ng1 Kb8 26. Rf1 Qb5 27. Qc2 Nc4 28. Nxc4 dxc4 29. b4 Nd5 30. Rxf7 Rxf7 31. a4 Qxa4 32. Qxa4 Nxc3+ 33. Kc2 Nxa4 34. Nf3 b5 35. d5 exd5 36. Rxd5 Nb6 37. Rd8+ Kb7 38. e6 Re7 39. Nd4 Nc8 40. Rd7 g5 41. Kc3 Nb6 42. Rd8 c6 43. Rh8 Nd5+ 44. Kb2 Nxb4 45. Rxh6 Nd3+ 46. Kb1 Nc5 47. Rf6 Kb6 48. Rf7 Re8 49. e7 Kc7 50. Rf6 Ne4 51. Rxc6+ Kd7 52. Rxa6 Kxe7 53. Re6+ Kf7 54. Rxe8 Kxe8 55. Nxb5 Kd7 56. Kc2 Kc6 57. Nd4+ Kd5 58. Nf5 Ke5 59. Ne3 Kd4 60. Nf5+ Ke5 61. Ne3 Kd4 62. Nf5+ 1/2-1/2

[Event "GER-chW 2019"]
[Site "Magdeburg"]
[Date "2019.05.27"]
[Round "2.9"]
[White "Zimmer, Elke"]
[Black "Bashylina, Luisa"]
[Result "1-0"]
[ECO "A48"]
[WhiteElo "1926"]
[BlackElo "1812"]
[Annotator "NA RC"]
[PlyCount "93"]
[EventDate "2019.05.26"]
[EventType "tourn"]
[EventCountry "GER"]
[SourceTitle "playchess.com"]
[Source "ChessBase"]
[SourceQuality "1"]
[TimeControl "40/5400+30:1800+30"]

1. d4 Nf6 2. Nf3 g6 3. c3 Bg7 4. Bf4 d6 5. Nbd2 O-O 6. h3 Nc6 7. e4 Nd7 8. Be3 e5 9. Bb5 Ne7 10. O-O a6 11. Ba4 Kh8 12. Bb3 h6 13. dxe5 dxe5 14. Qc1 b5 15. Rd1 Bb7 16. Bc2 Ng8 17. Nb3 Qc8 18. Na5 c5 19. Nxb7 Qxb7 20. a4 c4 21. axb5 axb5 22. Rxa8 Rxa8 23. Qd2 Nf8 24. Qd6 f6 25. Bc5 Rc8 26. Bb4 h5 27. Qd5 Qb6 28. Nh4 Kh7 29. Bxf8 Rxf8 30. b3 Qa6 31. bxc4 bxc4 32. g3 Nh6 33. Ng2 Rb8 34. Ne3 Rc8 35. Qd7 Qc6 36. Ba4 Qxd7 37. Rxd7 f5 38. Bc2 fxe4 39. Bxe4 Ng8 40. Nd5 Rc6 41. Kg2 Kh6 42. Rf7 Rc5 43. Kf3 Rc6 44. g4 hxg4+ 45. hxg4 Bh8 46. Rf8 Kg7 47. Rxg8+ 1-0

[Event "GER-chW 2019"]
[Site "Magdeburg"]
[Date "2019.05.27"]
[Round "2.10"]
[White "Liu, Sijia Anna"]
[Black "Braun, Kristin"]
[Result "1-0"]
[ECO "B35"]
[WhiteElo "1689"]
[BlackElo "1895"]
[Annotator "NA RC"]
[PlyCount "83"]
[EventDate "2019.05.26"]
[EventType "tourn"]
[EventCountry "GER"]
[SourceTitle "playchess.com"]
[Source "ChessBase"]
[SourceQuality "1"]
[TimeControl "40/5400+30:1800+30"]

1. e4 c5 2. Nf3 Nc6 3. d4 cxd4 4. Nxd4 g6 5. Nc3 Bg7 6. Be3 Nf6 7. Bc4 O-O 8. O-O d6 9. h3 Bd7 10. Bb3 Rc8 11. f4 Na5 12. e5 dxe5 13. fxe5 Nh5 14. e6 Bxd4 15. exf7+ Kg7 16. Qxd4+ Nf6 17. Ne4 Nxb3 18. axb3 Bf5 19. Nxf6 exf6 20. Qh4 Rxf7 21. Rad1 Qe7 22. Rfe1 Qc7 23. Bd4 Bxc2 24. Rd2 Bxb3 25. Rf2 Rcf8 26. Ref1 Qd6 27. Bc3 Qb6 28. Bd4 Qd6 29. Rf4 a6 30. Bc3 b5 31. Kh1 Bc4 32. R1f3 Qd1+ 33. Kh2 Qd6 34. Rg3 Qc7 35. Qg5 Bd3 36. Rh4 Kg8 37. Qd5 Bc4 38. Qf3 Qb7 39. Qh5 Qd5 40. Rxg6+ Rg7 41. Rxg7+ Kxg7 42. Qxh7# 1-0

[Event "GER-chW 2019"]
[Site "Magdeburg"]
[Date "2019.05.28"]
[Round "3.1"]
[White "Schulze, Lara"]
[Black "Michna, Marta"]
[Result "1/2-1/2"]
[ECO "C03"]
[WhiteElo "2160"]
[BlackElo "2355"]
[Annotator "ChessBase"]
[PlyCount "97"]
[EventDate "2019.05.26"]
[EventType "tourn"]
[EventCountry "GER"]
[SourceTitle "playchess.com"]
[Source "ChessBase"]
[SourceQuality "1"]
[TimeControl "40/5400+30:1800+30"]

1. e4 e6 2. d4 d5 3. Nd2 b6 4. Ngf3 Nf6 5. e5 Nfd7 6. c4 Bb7 7. Bd3 Nc6 8. O-O Nb4 9. Bb1 dxc4 10. Nxc4 Be7 11. a3 Nd5 12. Qd3 Nf8 13. Na5 bxa5 14. Qb5+ Nd7 15. Qxb7 N7b6 16. Qc6+ Qd7 17. Qc2 c5 18. Qe4 h6 19. h4 g6 20. h5 g5 21. dxc5 Bxc5 22. Bd2 Qa4 23. b4 axb4 24. Bd3 bxa3 25. Qxa4+ Nxa4 26. Bb5+ Ke7 27. Bxa4 g4 28. Ne1 Nb6 29. Nd3 Rhd8 30. Nxc5 Rxd2 31. Rxa3 Rc8 32. Ne4 Rd4 33. Nd6 Rc5 34. Bd1 Rxe5 35. Nb7 Red5 36. Be2 Re5 37. Bd1 Red5 38. Bb3 Rxh5 39. Rxa7 Rd7 40. Ra5 Nd5 41. Rb5 Nf4 42. Rxh5 Rxb7 43. Rh4 Rxb3 44. Rxg4 Ng6 45. Ra4 Kf6 46. Ra7 Rb5 47. Rc1 Rf5 48. g3 h5 49. Rcc7 1/2-1/2